 Dungeon Crawl Stone Soup version 0.24-a0-67-ga78bd38 (webtiles) character file.

Game seed: 14868457217700633410

114 Amnesiac the Cutter (level 4, 0/23 HPs)
             Began as a Vine Stalker Monk on Feb 5, 2019.
             Slain by an orc
             ... wielding a +0 flail
              (4 damage)
             ... on level 3 of the Dungeon.
             The game lasted 00:02:06 (1640 turns).

Amnesiac the Cutter (Vine Stalker Monk)             Turns: 1640, Time: 00:02:07

Health: 0/23       AC:  8    Str: 15    XL:     4   Next: 98%
Magic:  0/5        EV: 11    Int: 10    God:
Gold:   32         SH:  0    Dex: 16    Spells: 3/3 levels left

rFire    . . .     SeeInvis .   a - +0 short sword
rCold    . . .     Gourm    .   (no shield)
rNeg     . . .     Faith    .   l - +2 ring mail {rPois}
rPois    +         Spirit   +   (no helmet)
rElec    .         Reflect  .   (no cloak)
rCorr    .         Harm     .   m - +0 pair of gloves
MR       .....                  (no boots)
Stlth    ++........             (no amulet)
HPRegen  0.47/turn              (no ring)
MPRegen  0.09/turn              (no ring)

@: no status effects
A: fangs 2, regeneration 1, magic shield, antimagic bite, no potion heal 3, rot
immunity
a: no special abilities


You were on level 3 of the Dungeon.
You were not hungry.

You visited 1 branch of the dungeon, and saw 3 of its levels.

You collected 32 gold pieces.

Inventory:

Hand Weapons
 a - a +0 short sword (weapon)
Armour
 l - a +2 ring mail of poison resistance (worn)
 m - a +0 pair of gloves (worn)
Scrolls
 b - a scroll of teleportation {!r, unknown}
 f - a scroll of fear {!r, unknown}
 i - a scroll of remove curse {!r, unknown}
 j - 3 scrolls of identify {!r}
 k - a scroll of fog {!r}
Potions
 g - a potion of curing {!q}
Comestibles
 c - 6 rations
 d - a chunk of flesh


   Skills:
 - Level 2.6 Fighting
 + Level 5.0 Short Blades
 - Level 2.4 Dodging
 - Level 2.4 Stealth


You had 3 spell levels left.
You didn't know any spells.
Your spell library was empty.

Dungeon Overview and Level Annotations

Branches:
Dungeon (3/15)

Altars:
Dithmenos
Vehumet


Innate Abilities, Weirdness & Mutations

You have extremely sharp teeth.
Your natural rate of healing is unusually fast.
When hurt, damage is shared between your health and your magic reserves.
Your bite disrupts and absorbs the magic of your enemies.
Potions cannot restore your health.
You are immune to rotting.


Message History

The bat barely misses you.
You hit the scorpion. You bite the scorpion. You drain its power.
You feel invigorated.
The scorpion is heavily wounded.
The bat hits you but does no damage.
The scorpion stings you but does no damage.
You hit the scorpion.
The scorpion is almost dead.
The bat closely misses you. The scorpion stings you.
You completely miss the scorpion. You bite the scorpion.
You kill the scorpion!
Your Short Blades skill increases to level 5!
The bat barely misses you. The orc barely misses you.
The bat barely misses you. The orc hits you with a +0 flail.
You hit the orc but do no damage.
The orc is lightly wounded.
The orc barely misses you. The bat barely misses you.
The orc hits you but does no damage.
You hit the orc.
The orc is heavily wounded.
The bat hits you but does no damage. The orc hits you with a +0 club.
You hit the orc but do no damage. You bite the orc, but do no damage.
The orc is heavily wounded.
The orc hits you but does no damage. The orc closely misses you.
The bat hits you but does no damage.
You hit the orc but do no damage. The bat barely misses you.
The orc hits you but does no damage. The orc hits you.
The orc hits you with a +0 flail.
* * * LOW HITPOINT WARNING * * *
The bat hits you but does no damage.
You hit the orc. You bite the orc, but do no damage.
The orc is heavily wounded.
The bat closely misses you. The orc hits you with a +0 club.
* * * LOW HITPOINT WARNING * * *
The bat barely misses you.
You hit the orc but do no damage. You bite the orc. You drain its power.
You feel invigorated.
The orc is moderately wounded.
The bat misses you. The orc hits you but does no damage.
You barely miss the orc. You bite the orc, but do no damage.
The orc is moderately wounded.
The bat hits you but does no damage.
An orc comes into view.
The orc hits you but does no damage.
The orc shouts!
You hit the orc.
The orc is severely wounded.
The bat hits you but does no damage. The orc barely misses you.
The orc hits you with a +0 club.
* * * LOW HITPOINT WARNING * * *
The bat hits you but does no damage. The orc hits you with a +0 flail.
* * * LOW HITPOINT WARNING * * *
The orc hits you.
* * * LOW HITPOINT WARNING * * *
You hit the orc but do no damage.
The orc is moderately wounded.
The bat hits you but does no damage.
Really quaff
g - a potion of curing {!q}?
You have no ailments to cure.
The bat closely misses you. The orc hits you but does no damage.
The orc hits you with a +0 club.
* * * LOW HITPOINT WARNING * * *
The orc hits you with a +0 flail.
You die...

##.....##
#.......#
#.......#
#.......#
##.....##
##.....##
#..o.$..#
#ob.....#
#.@o....#
##o....##
##...##
#####


You could see 4 orcs and a bat.

Vanquished Creatures
  A scorpion (D:3)
  3 adders
  A gnoll (D:1)
  An ooze (D:2)
  A dart slug (D:1)
  3 orcs (D:3)
  6 goblins
  A quokka (D:2)
  A ball python (D:1)
  7 bats
  2 rats
27 creatures vanquished.

Notes
Turn   | Place    | Note
-------+----------+-------------------------------------------
     0 | D:1      | Amnesiac the Vine Stalker Monk began the quest for the Orb.
     0 | D:1      | Reached XP level 1. HP: 11/11 MP: 2/2
   153 | D:1      | Reached skill level 3 in Short Blades
   237 | D:1      | Reached XP level 2. HP: 4/16 MP: 0/3
   955 | D:2      | Reached XP level 3. HP: 19/19 MP: 4/4
   962 | D:2      | Found a shadowy altar of Dithmenos.
  1123 | D:2      | Found a radiant altar of Vehumet.
  1323 | D:2      | Reached skill level 4 in Short Blades
  1534 | D:2      | Noticed a water moccasin
  1579 | D:3      | Noticed a scorpion
  1586 | D:3      | Gained mutation: Your natural rate of healing is unusually
                  | fast. [Vine Stalker growth]
  1586 | D:3      | Reached XP level 4. HP: 14/23 MP: 5/5
  1625 | D:3      | Reached skill level 5 in Short Blades
  1640 | D:3      | Slain by an orc

Vault maps used:
D:1:      roderic_octagonal_star
D:2:      lemuel_round_altar, grunt_dithmenos_smoke
D:3:      uniq_ijyb

Skill      XL: |  1  2  3  4 |
---------------+-------------+-----
Short Blades   | 3 4 5 |  5.0
Fighting       | |  2.6
Dodging        | |  2.4
Stealth        | |  2.4

Action                   |  1- 3 |  4- 6 || total
-------------------------+-------+-------++-------
Melee: Short sword       |    69 |    32 ||   101
       Bite              |    19 |    10 ||    29
  Use: Potion            |     3 |       ||     3
       Scroll            |     1 |       ||     1
 Stab: Sleeping          |     5 |       ||     5
  Eat: Chunk             |     2 |       ||     2
Armor: Robe              |    14 |       ||    14
       Ring mail         |    13 |    31 ||    44
Dodge: Dodged            |    39 |    24 ||    63

Table legend:
 A = Non-vault XP
 B = Vault XP
 C = Vault XP percentage of total XP
 D = Non-vault monster count
 E = Vault monster count
 F = Vault count percentage of total count
                 A         B        C        D         E       F
            +---------+---------+-------+---------+---------+-------
      Total |     164 |       0 |   0.0 |      27 |       0 |   0.0
            +---------+---------+-------+---------+---------+-------
        D:1 |      33 |       0 |   0.0 |      13 |       0 |   0.0
        D:2 |      42 |       0 |   0.0 |       8 |       0 |   0.0
        D:3 |      89 |       0 |   0.0 |       6 |       0 |   0.0
            +---------+---------+-------+---------+---------+-------
